 Dungeon Sprint DCSS version 0.24-a0-537-g2d01d4a (webtiles) character file.

Game seed: 17673852438898141910

120047772 Faca the Conqueror (level 23, 149/236 (240) HPs)
             Began as a Minotaur Fighter on Aug 13, 2019.
             Was the Champion of the Shining One.
             Escaped with the Orb
             ... and 17 runes!
             The game lasted 00:53:18 (15197 turns).

Faca the Conqueror (Minotaur Fighter)              Turns: 15197, Time: 00:53:18

HP:   149/236 (240) AC: 37    Str: 35    XL:     23   Next: 12%
MP:   53/53         EV: 21    Int:  9    God:    the Shining One [******]
Gold: 552           SH: 39    Dex: 12    Spells: 76/76 levels left

rFire    + + .     SeeInvis .   G - +9 trishula (holy)
rCold    + . .     Gourm    .   F - +7 large shield
rNeg     + + +     Faith    .   p - +0 gold dragon scales of Tomorrow {rPois rF+ rC+ MR+ Regen+ Int+4}
rPois    +         Spirit   .   (helmet restricted)
rElec    .         Reflect  +   r - +2 cloak {MR+}
rCorr    .         Harm     .   H - +2 pair of gloves
MR       +++..     NoTele   +   y - +0 pair of boots
Stlth    +.........             s - +3 amulet of reflection
HPRegen  0.89/turn              B - ring of protection from fire
MPRegen  0.33/turn              w - +6 ring of strength

@: glowing
A: retaliatory headbutt, horns 2
0: Orb of Zot
}: 17/17 runes: decaying, serpentine, barnacled, slimy, elven, silver, golden,
iron, obsidian, icy, bone, abyssal, glowing, magical, fiery, dark, gossamer
a: Divine Shield, Cleansing Flame, Summon Divine Warrior, Renounce Religion


You escaped.
You worshipped the Shining One.
The Shining One was exalted by your worship.
You were not hungry.

You visited 1 branch You collected 1921 gold pieces.
You spent 1369 gold pieces at shops.

Inventory:

Hand Weapons
 A - a +9 trident of freezing
 G - a +9 trishula of holy wrath (weapon)
Missiles
 a - 30 javelins
 q - 31 silver javelins (quivered)
Armour
 p - the +0 gold dragon scales of Tomorrow (worn) {rPois rF+ rC+ MR+ Regen+ Int+4}
   (You found it in the Dungeon)

   It affects your intelligence (+4).
   It protects you from fire.
   It protects you from cold.
   It protects you from poison.
   It affects your resistance to hostile enchantments.
   It increases your rate of regeneration.
 r - a +2 cloak of magic resistance (worn)
 y - a +0 pair of boots (worn)
 F - a +7 large shield (worn)
 H - a +2 pair of gloves (worn)
 J - +0 gold dragon scales
Jewellery
 c - a +6 ring of intelligence
 s - a +3 amulet of reflection (around neck)
 w - a +6 ring of strength (right hand)
 B - a ring of protection from fire (left hand)
 C - an uncursed ring of protection from magic
Wands
 b - a wand of digging (5)
 o - a wand of iceblast (10)
Scrolls
 m - 5 scrolls of remove curse
 n - 2 scrolls of amnesia
 u - 2 scrolls of identify
 v - 5 scrolls of fear
 x - 2 scrolls of fog
 D - a scroll of enchant weapon
Potions
 d - 3 potions of might
 e - 8 potions of curing
 g - 8 potions of heal wounds
 h - 6 potions of haste
 i - 4 potions of magic
 j - 5 potions of berserk rage
 l - 2 potions of agility
 t - 3 potions of mutation
 z - a potion of brilliance
 I - a potion of cancellation
Comestibles
 f - 20 rations


   Skills:
 O Level 27 Fighting
 O Level 27 Polearms
 O Level 27 Throwing
 O Level 27 Armour
 O Level 27 Dodging
 O Level 27 Stealth
 O Level 27 Shields
 + Level 24.5 Unarmed Combat
 O Level 27 Spellcasting
 O Level 27 Invocations
 O Level 27 Evocations


You had 76 spell levels left.
You didn't know any spells.
Your spell library contained the following spells:

 Spells                   Type           Power        Failure   Level  Hunger
 Summon Butterflies       Summ           ##......     11%         1    None
 Call Canine Familiar     Summ           ##......     32%         3    None
 Summon Ice Beast         Ice/Summ       ##......     71%         4    #......
 Summon Mana Viper        Hex/Summ       ##......     96%         5    ####...
 Summon Hydra             Summ           ##........   100%        7    #######


Dungeon Overview and Level Annotations

Branches:
Dungeon (1/1)

Altars:
Cheibriados
Dithmenos
Elyvilon
Fedhas
Gozag
Hepliaklqana
Kikubaaqudgha
Makhleb
Nemelex Xobeh
Okawaru
Qazlal
Ru
Sif Muna
Trog
Uskayaw
Vehumet
Wu Jian
Xom
Yredelemnul
Zin
The Shining One
Beogh
Jiyva
Lugonu

Shops:
D *(=


Innate Abilities, Weirdness & Mutations

You reflexively headbutt those who attack you in melee.
You have a pair of horns on your head.


Message History

There is a sacrificial altar of Ru here.
There is a stormy altar of Qazlal here.
There is an iron altar of Okawaru here.
There is a sparkling altar of Nemelex Xobeh here.
There is a burning altar of Makhleb here.
There is a corrupted altar of Lugonu here.
There is an ancient bone altar of Kikubaaqudgha here.
There is a hazy altar of Hepliaklqana here.
There is an opulent altar of Gozag here.
There is a blossoming altar of Fedhas here.
There is a white marble altar of Elyvilon here.
There is a shadowy altar of Dithmenos here.
There is a snail-covered altar of Cheibriados here.
There is a roughly hewn altar of Beogh here.
There is an open door to the Temple here.
There is an open door, spattered with blood here.
There is an open door to the Dungeon here.
You see here a +0 club.
There is a staircase leading out of the dungeon here.
You have escaped!

▓▓▓▓▓▓▓▓▓▓▓▓▓▓▓▓▓▓
▓@▓...▓...▓...▓...
▓.▓.▓.▓.▓.▓.▓.▓.▓.
▓.▓.▓.▓.▓.▓.▓.▓.▓.
▓.▓.▓.▓.▓.▓.▓.▓.▓.
▓)▓.▓.▓.▓.▓.▓.▓.▓.
▓.▓.▓.▓.▓.▓.▓.▓.▓.
▓.▓.▓.▓.▓.▓.▓.▓.▓.
▓.▓.▓'▓.▓.▓.▓.▓.▓.
▓.▓.▓.▓.▓.▓.▓.▓.▓.


There were no monsters in sight!

Vanquished Creatures
  Cerebov (D)
  Antaeus (D)
  Asmodeus (D)
  Ereshkigal (D)
  the Royal Jelly (D)
  Lom Lobon (D)
  Gloorx Vloq (D)
  Mnoleg (D)
  6 pandemonium lords (D)
  Dispater (D)
  2 orbs of fire (D)
  Mennas (D)
  Mara (D)
  5 ancient liches (D)
  Sojobo (D)
  4 greater mummies (D)
  Frederick (D)
  Xtahua (D)
  Geryon (D)
  A curse toe (D)
  7 golden dragons (D)
  Nikola (D)
  3 electric golems (D)
  A Tzitzimitl (D)
  3 liches (D)
  3 tentacled monstrosities (D)
  An Ice Fiend (D)
  30 Orb Guardians (D)
  3 quicksilver dragons (D)
  2 Hell Sentinels (D)
  2 deep elf master archers (D)
  A deep elf blademaster (D)
  6 acid blobs (D)
  12 sphinxes (D)
  2 Executioners (D)
  A tentacled starspawn (D)
  Ilsuiw (D)
  A death cob (D)
  3 tengu reavers (D)
  2 draconian monks (D)
  4 storm dragons (D)
  8 shadow dragons (D)
  5 nagarajas (D)
  4 fire giants (D)
  A daeva (D)
  6 azure jellies (D)
  A draconian knight (D)
  4 frost giants (D)
  A deep elf sorcerer (D)
  3 ghost moths (D)
  A balrug (D)
  Louise (D)
  2 draconian scorchers (D)
  4 emperor scorpions (D)
  A cacodemon (D)
  A draconian shifter (D)
  A warmonger (D)
  5 stone giants (D)
  2 ironheart preservers (D)
  2 draconian annihilators (D)
  9 vampire knights (D)
  2 black draconians (D)
  An entropy weaver (D)
  4 deep elf demonologists (D)
  5 white draconians (D)
  4 green draconians (D)
  A deep elf annihilator (D)
  2 lorocyprocas (D)
  A black sun (D)
  3 red draconians (D)
  4 purple draconians (D)
  4 yellow draconians (D)
  3 ettins (D)
  2 fire dragons (D)
  Snorg (D)
  A blizzard demon (D)
  4 merfolk javelineers (D)
  7 merfolk impalers (D)
  6 death oozes (D)
  2 deep elf death magi (D)
  3 deep elf high priests (D)
  4 mummy priests (D)
  2 green deaths (D)
  3 yaktaur captains (D)
  3 great orbs of eyes (D)
  2 naga warriors (D)
  25 vault guards (D)
  4 ice dragons (D)
  A merfolk avatar (D)
  10 hydras (D)
  An alligator (D)
  A monstrous demonspawn (D)
  2 hell beasts (D)
  A two-headed ogre (shapeshifter) (D)
  4 ogre magi (D)
  A merfolk aquamancer (D)
  3 centaur warriors (D)
  A two-headed ogre (D)
  3 hell hogs (D)
  2 deep troll earth magi (D)
  A vampire mage (D)
  3 deep troll shamans (D)
  2 orc high priests (D)
  2 deep elf knights (D)
  A soul eater (D)
  Sonja (D)
  A thrashing horror (D)
  A wretched star (D)
  Nergalle (D)
  2 sun demons (D)
  4 sixfirhies (D)
  3 small abominations (D)
  A sea snake (D)
  2 shadow wraiths (D)
  2 unseen horrors (D)
  4 deep trolls (D)
  A gelid demonspawn (D)
  An infernal demonspawn (D)
  A deep elf archer (D)
  6 swamp dragons (D)
  A shadow demon (D)
  2 necromancers (D)
  2 harpies (D)
  4 ironbrand convokers (D)
  A mana viper (D)
  6 orc knights (D)
  2 orb spiders (D)
  An orc sorcerer (D)
  5 wolf spiders (D)
  5 manticores (D)
  8 moths of wrath (D)
  A salamander (D)
  Joseph (D)
  6 vault sentinels (D)
  4 black mambas (D)
  A toenail golem (D)
  3 rust devils (D)
  A guardian serpent (D)
  5 naga magi (D)
  5 orange demons (D)
  A hellion (D)
  A torpor snail (D)
  3 spiny frogs (D)
  2 komodo dragons (D)
  A yaktaur (D)
  A freezing wraith (D)
  A demonic crawler (D)
  2 ice devils (D)
  2 ancient zymes (D)
  A wandering mushroom (D)
  2 red devils (D)
  20 guardian mummies (D)
  A hornet (D)
  3 tengu conjurers (D)
  5 trolls (D)
  3 jumping spiders (D)
  A meliai (D)
  A hippogriff (D)
  A bog body (D)
  2 slime creatures (D)
  3 blink frogs (D)
  2 redbacks (D)
  2 tarantellas (D)
  2 wraiths (D)
  A shadow (D)
  A basilisk (D)
  11 spriggans (D)
  A water elemental (D)
  A yak (D)
  3 vampire mosquitoes (D)
  2 golden eyes (D)
  2 neqoxecs (D)
  A chaos spawn (D)
  5 large abominations (D)
  2 nagas (D)
  An acid dragon (D)
  An insubstantial wisp (D)
  5 water moccasins (D)
  A porcupine (D)
  2 floating eyes (D)
  3 swamp drakes (D)
  7 orc warriors (D)
  A sky beast (D)
  2 necrophages (D)
  An eye of draining (D)
  3 crocodiles (D)
  A big kobold (D)
  5 bullfrogs (D)
  3 orc priests (D)
  An iron imp (D)
  7 orc wizards (D)
  An iguana (D)
  2 worker ants (D)
  2 adders (D)
  2 ball lightnings (D)
  A leopard gecko (D)
  4 orcs (D)
  A goblin (D)
  A quokka (D)
  2 bats (D)
  A frilled lizard (D)
  A jackal zombie (D)
  A leopard gecko zombie (D)
  A rat (D)
  2 crawling corpses (D)
  A fire vortex (D)
581 creatures vanquished.

Vanquished Creatures (others)
  A yaktaur captain (D)
  A merfolk aquamancer (D)
  A naga mage (D)
  A swamp drake (D)
  8 ball lightnings (D)
  A starspawn tentacle (D)
13 creatures vanquished.

Grand Total: 594 creatures vanquished

Notes
Turn   | Place    | Note
-------+----------+-------------------------------------------
     0 | D        | Faca the Minotaur Fighter began the quest for the Orb.
     0 | D        | Reached XP level 1. HP: 19/19 MP: 0/0
    23 | D        | Noticed a worker ant
    30 | D        | Reached skill level 5 in Fighting
    30 | D        | Reached XP level 2. HP: 26/29 MP: 1/1
    37 | D        | Reached skill level 5 in Polearms
    42 | D        | Reached XP level 3. HP: 15/38 MP: 2/2
   189 | D        | Found a roughly hewn altar of Beogh.
   189 | D        | Found a snail-covered altar of Cheibriados.
   189 | D        | Found a shadowy altar of Dithmenos.
   189 | D        | Found a white marble altar of Elyvilon.
   189 | D        | Found a blossoming altar of Fedhas.
   189 | D        | Found an opulent altar of Gozag.
   190 | D        | Found a hazy altar of Hepliaklqana.
   191 | D        | Found a viscous altar of Jiyva.
   192 | D        | Found an ancient bone altar of Kikubaaqudgha.
   193 | D        | Found a corrupted altar of Lugonu.
   194 | D        | Found a burning altar of Makhleb.
   195 | D        | Found a sparkling altar of Nemelex Xobeh.
   196 | D        | Found an iron altar of Okawaru.
   197 | D        | Found a stormy altar of Qazlal.
   198 | D        | Found a sacrificial altar of Ru.
   199 | D        | Found a shimmering blue altar of Sif Muna.
   200 | D        | Found a bloodstained altar of Trog.
   201 | D        | Found a hide-covered altar of Uskayaw.
   202 | D        | Found a radiant altar of Vehumet.
   203 | D        | Found an ornate altar of the Wu Jian Council.
   204 | D        | Found a shimmering altar of Xom.
   205 | D        | Found a basalt altar of Yredelemnul.
   206 | D        | Found a glowing silver altar of Zin.
   207 | D        | Found a glowing golden altar of the Shining One.
   215 | D        | Became a worshipper of the Shining One
   254 | D        | Noticed a sky beast
   254 | D        | Noticed a wraith
   254 | D        | Reached * piety under the Shining One
   254 | D        | Noticed a necrophage
   254 | D        | Noticed a big kobold
   254 | D        | Noticed a bullfrog
   260 | D        | Killed a sky beast
   260 | D        | Reached XP level 4. HP: 31/50 MP: 3/3
   260 | D        | Reached XP level 5. HP: 36/57 MP: 4/4
   275 | D        | Killed a wraith
   275 | D        | Reached ** piety under the Shining One
   275 | D        | Reached skill level 10 in Polearms
   275 | D        | Reached XP level 6. HP: 17/68 MP: 5/5
   516 | D        | Noticed a manticore
   516 | D        | Reached *** piety under the Shining One
   516 | D        | Noticed a two-headed ogre
   516 | D        | Noticed a slime creature
   520 | D        | Reached XP level 7. HP: 78/78 MP: 6/6
   527 | D        | Killed a manticore
   534 | D        | Killed a two-headed ogre
   534 | D        | Reached skill level 15 in Fighting
   534 | D        | Reached skill level 15 in Polearms
   534 | D        | Reached XP level 8. HP: 19/92 MP: 7/7
   830 | D        | Killed a slime creature
   953 | D        | Reached **** piety under the Shining One
   953 | D        | Noticed a six-headed hydra
   957 | D        | Noticed a komodo dragon
   964 | D        | Killed a six-headed hydra
   964 | D        | Reached XP level 9. HP: 70/101 MP: 8/8
   986 | D        | Killed a komodo dragon
  1229 | D        | Noticed an eight-headed hydra
  1229 | D        | Reached ***** piety under the Shining One
  1229 | D        | Noticed a five-headed hydra
  1251 | D        | Reached XP level 10. HP: 81/111 MP: 9/9
  1257 | D        | Killed an eight-headed hydra
  1264 | D        | Killed a five-headed hydra
  1264 | D        | Reached skill level 10 in Armour
  1264 | D        | Reached skill level 10 in Shields
  1545 | D        | Noticed a spiny frog
  1555 | D        | Killed a spiny frog
  1559 | D        | Reached ****** piety under the Shining One
  1764 | D        | Noticed an orc high priest
  1784 | D        | Noticed a rust devil
  1785 | D        | Killed an orc high priest
  1862 | D        | Noticed an orc knight
  1862 | D        | Noticed an orc knight
  1871 | D        | Killed an orc knight
  1871 | D        | Reached XP level 11. HP: 75/121 MP: 10/10
  1877 | D        | Noticed an orc sorcerer
  1890 | D        | Killed an orc knight
  1906 | D        | Killed an orc sorcerer
  1913 | D        | Noticed an orc high priest
  1920 | D        | Killed an orc high priest
  2011 | D        | Found Tearos's Food Emporium.
  2011 | D        | Noticed a deep troll
  2011 | D        | Noticed an ogre mage
  2011 | D        | Noticed an ettin
  2016 | D        | Killed a deep troll
  2020 | D        | Killed an ogre mage
  2038 | D        | Killed an ettin
  2046 | D        | Found Nezuutaq's General Store.
  2048 | D        | Noticed a deep troll
  2049 | D        | Found Qiptefo's Weapon Emporium.
  2049 | D        | Noticed a deep troll
  2066 | D        | Killed a deep troll
  2068 | D        | Killed a deep troll
  2073 | D        | Noticed an ogre mage
  2095 | D        | Killed an ogre mage
  2234 | D        | Found Anwet's Jewellery Shoppe.
  2239 | D        | Noticed an ogre mage
  2240 | D        | Bought a scroll of enchant weapon for 105 gold pieces
  2240 | D        | Noticed a deep troll
  2252 | D        | Killed an ogre mage
  2260 | D        | Killed a deep troll
  2260 | D        | Reached XP level 12. HP: 109/133 MP: 11/11
  2273 | D        | Bought a cursed ring of protection from magic for 308 gold
                  | pieces
  2273 | D        | Bought an uncursed ring of protection from fire for 350
                  | gold pieces
  2348 | D        | Bought a ration for 50 gold pieces
  2348 | D        | Bought a ration for 50 gold pieces
  2348 | D        | Bought a ration for 50 gold pieces
  2348 | D        | Bought a ration for 50 gold pieces
  2348 | D        | Bought a ration for 50 gold pieces
  2348 | D        | Bought a ration for 50 gold pieces
  2348 | D        | Bought a ration for 50 gold pieces
  2348 | D        | Bought a ration for 50 gold pieces
  2348 | D        | Bought a ration for 50 gold pieces
  2348 | D        | Bought a ration for 50 gold pieces
  2348 | D        | Bought a ration for 50 gold pieces
  2350 | D        | Bought a scroll of identify for 28 gold pieces
  2354 | D        | Bought a cursed amulet of inaccuracy for 28 gold pieces
  2383 | D        | Noticed Sonja
  2394 | D        | Killed Sonja
  2594 | D        | Got the +7 chain mail "Yshor" {rElec rF+ MR+ rCorr}
  2637 | D        | Reached skill level 15 in Armour
  2637 | D        | Reached skill level 15 in Shields
  2655 | D        | Noticed a deep troll shaman
  2656 | D        | Noticed a centaur warrior
  2656 | D        | Noticed a deep troll shaman
  2661 | D        | Killed a deep troll shaman
  2661 | D        | Reached skill level 5 in Dodging
  2666 | D        | Killed a centaur warrior
  2667 | D        | Noticed a frost giant
  2669 | D        | Killed a deep troll shaman
  2669 | D        | Noticed a frost giant
  2688 | D        | Killed a frost giant
  2704 | D        | Killed a frost giant
  2832 | D        | Noticed Joseph
  2841 | D        | Killed Joseph
  2860 | D        | Noticed Snorg
  2869 | D        | Killed Snorg
  2907 | D        | Noticed a four-headed hydra
  2907 | D        | Noticed an alligator
  2910 | D        | Killed a four-headed hydra
  2933 | D        | Killed an alligator
  2940 | D        | Reached skill level 10 in Dodging
  3014 | D        | Noticed a merfolk impaler
  3029 | D        | Reached XP level 13. HP: 135/139 MP: 12/12
  3029 | D        | Noticed a merfolk impaler
  3047 | D        | Killed a merfolk impaler
  3063 | D        | Killed a merfolk impaler
  3458 | D        | Noticed an entropy weaver
  3463 | D        | Identified a +7 trishula of holy wrath (a +5 demon trident
                  | of venom blessed by the Shining One)
  3463 | D        | Received a gift from the Shining One
  3471 | D        | Killed an entropy weaver
  3586 | D        | Noticed a nagaraja
  3596 | D        | Killed a nagaraja
  3818 | D        | Noticed Nergalle
  3824 | D        | Killed Nergalle
  3890 | D        | Noticed a frost giant
  3890 | D        | Noticed a vampire knight
  3893 | D        | Noticed a stone giant
  3895 | D        | Killed a frost giant
  3910 | D        | Paralysed by a vampire knight for 6 turns
  3913 | D        | Noticed a lich
  3917 | D        | Killed a vampire knight
  3922 | D        | Noticed a stone giant
  3931 | D        | Killed a stone giant
  3937 | D        | Killed a lich
  3937 | D        | Reached skill level 15 in Dodging
  3937 | D        | Reached XP level 14. HP: 92/148 MP: 13/13
  3961 | D        | Killed a stone giant
  4121 | D        | Noticed a fire giant
  4123 | D        | Noticed a fire giant
  4128 | D        | Killed a fire giant
  4142 | D        | Killed a fire giant
  4146 | D        | Reached skill level 5 in Invocations
  4195 | D        | Noticed a fire giant
  4215 | D        | Killed a fire giant
  4448 | D        | Noticed an ironheart preserver
  4455 | D        | Killed an ironheart preserver
  4576 | D        | Noticed Louise
  4598 | D        | Killed Louise
  4598 | D        | Reached skill level 10 in Invocations
  4706 | D        | Noticed a tengu reaver
  4707 | D        | Noticed Sojobo
  4708 | D        | Noticed a tengu reaver
  4716 | D        | Killed a tengu reaver
  4736 | D        | Killed Sojobo
  4745 | D        | Killed a tengu reaver
  4745 | D        | Reached XP level 15. HP: 100/163 MP: 22/22
  4948 | D        | Found the +10 zealot's sword {holy, *Rage rN+ EV+3}
  5074 | D        | Noticed Xtahua
  5085 | D        | Killed Xtahua
  5089 | D        | Noticed Mara
  5093 | D        | Noticed Faca's illusion
  5108 | D        | Noticed Faca's illusion
  5155 | D        | Noticed Faca's illusion
  5177 | D        | Killed Mara
  5493 | D        | Got a decaying rune of Zot
  5501 | D        | Noticed Ilsuiw
  5521 | D        | Killed Ilsuiw
  5521 | D        | Reached skill level 15 in Invocations
  5589 | D        | Got a barnacled rune of Zot
  5873 | D        | Noticed a nagaraja
  5873 | D        | Noticed a nagaraja
  5874 | D        | Noticed a nagaraja
  5877 | D        | Killed a nagaraja
  5888 | D        | Noticed a nagaraja
  5889 | D        | Killed a nagaraja
  5898 | D        | Killed a nagaraja
  5906 | D        | Killed a nagaraja
  5916 | D        | Reached XP level 16. HP: 151/180 MP: 27/27
  5927 | D        | Got a serpentine rune of Zot
  6269 | D        | Got a gossamer rune of Zot
  6298 | D        | Noticed Frederick
  6327 | D        | Killed Frederick
  6433 | D        | Reached skill level 27 in Fighting
  6450 | D        | Reached skill level 27 in Polearms
  6559 | D        | Noticed a tengu reaver
  6559 | D        | Noticed a golden dragon
  6569 | D        | Killed a tengu reaver
  6571 | D        | Reached skill level 1 in Throwing
  6577 | D        | Killed a golden dragon
  6583 | D        | Noticed a shadow dragon
  6587 | D        | Noticed a shadow dragon
  6592 | D        | Reached skill level 5 in Throwing
  6600 | D        | Killed a shadow dragon
  6609 | D        | Killed a shadow dragon
  6634 | D        | Reached XP level 17. HP: 189/191 MP: 29/29
  6679 | D        | Noticed an ancient lich
  6687 | D        | Noticed a Hell Sentinel
  6712 | D        | Killed an ancient lich
  6714 | D        | Reached skill level 10 in Throwing
  6737 | D        | Got a silver rune of Zot
  6763 | D        | Noticed Nikola
  6777 | D        | Killed Nikola
  6914 | D        | Noticed Mennas
  6955 | D        | Killed Mennas
  7033 | D        | Got the ring "Xuotaekk" {Str-3 Int+3 Dex+3 Stlth+}
  7036 | D        | Got the amulet of Mesyamp {Spirit rC+ Str+4}
  7039 | D        | Got the amulet of Sif Muna's Whim {Spirit rPois}
  7042 | D        | Got the amulet of Lamecub {Spirit +Inv rPois Str-2 Int-4}
  7045 | D        | Got the ring of Gearumn {rN+ Slay+3}
  7066 | D        | Got the +0 gold dragon scales of Tomorrow {rPois rF+ rC+
                  | MR+ Regen+ Int+4}
  7354 | D        | Noticed a golden dragon
  7364 | D        | Noticed a golden dragon
  7369 | D        | Noticed a golden dragon
  7378 | D        | Killed a golden dragon
  7395 | D        | Killed a golden dragon
  7395 | D        | Reached skill level 15 in Throwing
  7395 | D        | Reached skill level 27 in Armour
  7395 | D        | Reached skill level 27 in Shields
  7405 | D        | Killed a golden dragon
  7534 | D        | Noticed a golden dragon
  7565 | D        | Killed a golden dragon
  7569 | D        | Reached XP level 18. HP: 168/200 MP: 30/30
  7629 | D        | Noticed a golden dragon
  7664 | D        | Killed a golden dragon
  7752 | D        | Noticed a tentacled monstrosity
  7784 | D        | Killed a tentacled monstrosity
  8044 | D        | Noticed an Orb Guardian
  8044 | D        | Noticed an Orb Guardian
  8044 | D        | Noticed an Orb Guardian
  8044 | D        | Noticed an Orb Guardian
  8044 | D        | Noticed an Orb Guardian
  8044 | D        | Noticed an Orb Guardian
  8048 | D        | Killed an Orb Guardian
  8053 | D        | Killed an Orb Guardian
  8057 | D        | Noticed an Orb Guardian
  8058 | D        | Killed an Orb Guardian
  8064 | D        | Killed an Orb Guardian
  8068 | D        | Killed an Orb Guardian
  8072 | D        | Killed an Orb Guardian
  8080 | D        | Killed an Orb Guardian
  8082 | D        | Noticed an Orb Guardian
  8083 | D        | Noticed an Orb Guardian
  8084 | D        | Noticed an Orb Guardian
  8091 | D        | Killed an Orb Guardian
  8097 | D        | Killed an Orb Guardian
  8101 | D        | Killed an Orb Guardian
  8109 | D        | Noticed an Orb Guardian
  8109 | D        | Noticed an Orb Guardian
  8109 | D        | Noticed a curse toe
  8111 | D        | Killed an Orb Guardian
  8111 | D        | Killed an Orb Guardian
  8112 | D        | Noticed an Orb Guardian
  8114 | D        | Noticed an Orb Guardian
  8125 | D        | Killed a curse toe
  8126 | D        | Killed an Orb Guardian
  8127 | D        | Killed an Orb Guardian
  8242 | D        | Noticed an ancient lich
  8246 | D        | Killed an ancient lich
  8246 | D        | Reached skill level 27 in Throwing
  8246 | D        | Reached XP level 19. HP: 174/207 MP: 34/34
  8288 | D        | Noticed an orb of fire
  8298 | D        | Killed an orb of fire
  8348 | D        | Noticed an electric golem
  8357 | D        | Killed an electric golem
  8406 | D        | Noticed an ancient lich
  8414 | D        | Noticed an orb of fire
  8418 | D        | Killed an ancient lich
  8419 | D        | Killed an orb of fire
  8419 | D        | Reached skill level 27 in Dodging
  8419 | D        | Reached skill level 27 in Invocations
  8424 | D        | Noticed a golden dragon
  8430 | D        | Reached skill level 10 in Evocations
  8436 | D        | Killed a golden dragon
  8440 | D        | Noticed an electric golem
  8452 | D        | Killed an electric golem
  8546 | D        | Noticed an electric golem
  8558 | D        | Killed an electric golem
  8577 | D        | Reached skill level 15 in Evocations
  8874 | D        | Noticed a lich
  8874 | D        | Noticed an ancient lich
  8877 | D        | Killed a lich
  8877 | D        | Reached XP level 20. HP: 216/216 MP: 36/36
  8891 | D        | Killed an ancient lich
  9037 | D        | Got an elven rune of Zot
  9053 | D        | Reached skill level 27 in Evocations
  9058 | D        | Reached skill level 5 in Stealth
  9086 | D        | Noticed the Royal Jelly
  9089 | D        | Paralysed by a floating eye for 3 turns
  9094 | D        | Killed the Royal Jelly
  9132 | D        | Reached skill level 15 in Stealth
  9350 | D        | Paralysed by a floating eye for 2 turns
  9358 | D        | Got a slimy rune of Zot
  9517 | D        | Reached XP level 21. HP: 134/224 MP: 37/37
 10027 | D        | Noticed a greater mummy
 10027 | D        | Noticed a greater mummy
 10027 | D        | Noticed a greater mummy
 10030 | D        | Killed a greater mummy
 10031 | D        | Killed a greater mummy
 10033 | D        | Killed a greater mummy
 10034 | D        | Noticed a greater mummy
 10049 | D        | Killed a greater mummy
 10281 | D        | Got a golden rune of Zot
 10309 | D        | Reached skill level 27 in Stealth
 10311 | D        | Got an abyssal rune of Zot
 10470 | D        | Noticed Geryon
 10485 | D        | Killed Geryon
 10495 | D        | Noticed Mnoleg
 10495 | D        | Identified the +7 sceptre of Asmodeus
 10495 | D        | Noticed Asmodeus
 10496 | D        | Noticed Gloorx Vloq
 10506 | D        | Killed Mnoleg
 10506 | D        | Reached skill level 10 in Spellcasting
 10514 | D        | Killed Asmodeus
 10520 | D        | Killed Gloorx Vloq
 10520 | D        | Reached skill level 15 in Spellcasting
 10538 | D        | Noticed Antaeus
 10551 | D        | Identified the +4 staff of Dispater
 10551 | D        | Noticed Dispater
 10557 | D        | Killed Antaeus
 10572 | D        | Killed Dispater
 10574 | D        | Got a glowing rune of Zot
 10589 | D        | Got an obsidian rune of Zot
 10594 | D        | Got a dark rune of Zot
 10596 | D        | Noticed Lom Lobon
 10597 | D        | Identified the +6 sword of Cerebov {flame}
 10597 | D        | Noticed Cerebov
 10610 | D        | Noticed Ereshkigal
 11209 | D        | Killed Cerebov
 11209 | D        | Reached XP level 22. HP: 171/229 MP: 42/45
 11267 | D        | Killed Ereshkigal
 12574 | D        | Killed Lom Lobon
 12931 | D        | Got an icy rune of Zot
 12935 | D        | Got an iron rune of Zot
 12940 | D        | Got a magical rune of Zot
 12944 | D        | Got a fiery rune of Zot
 12948 | D        | Got a bone rune of Zot
 13362 | D        | Got the Orb of Zot
 13429 | D        | Noticed Qavyskek the pandemonium lord
 13429 | D        | Noticed an ancient lich
 13439 | D        | Killed an ancient lich
 13442 | D        | Killed Qavyskek the pandemonium lord
 13646 | D        | Noticed Ykhliv the pandemonium lord
 13660 | D        | Killed Ykhliv the pandemonium lord
 14112 | D        | Noticed Ykhlidwy the pandemonium lord
 14124 | D        | Killed Ykhlidwy the pandemonium lord
 14385 | D        | Noticed Civvedgheisi the pandemonium lord
 14398 | D        | Killed Civvedgheisi the pandemonium lord
 14398 | D        | Reached skill level 27 in Spellcasting
 14398 | D        | Reached skill level 10 in Unarmed Combat
 14524 | D        | Noticed Sayhuty the pandemonium lord
 14533 | D        | Killed Sayhuty the pandemonium lord
 14533 | D        | Reached skill level 15 in Unarmed Combat
 14989 | D        | Reached XP level 23. HP: 236/236 MP: 53/53
 15131 | D        | Noticed Qeutazxo the pandemonium lord
 15147 | D        | Killed Qeutazxo the pandemonium lord
 15197 | D        | Escaped with the Orb!

Levels and vault maps discovered:
D:        linesprint [early_d, line_temple, items_1, d_10, items_2, lair_1,
          lair_end, items_3, orc_1, orc_end, items_4, d_15, swamp_1, shoals_1,
          snake_1, spider_1, d_20, vaults_1, items_5, swamp_end, shoals_end,
          snake_end, spider_end, vaults_end, d_27, items_6, zot_1, zot_end,
          crypt_end, forest_end, elf_end, slime_end, tomb_end, abyss_end,
          pan_hell_end]

Skill      XL: |  1  2  3  4  5  6  7  8  9 10 11 12 13 14 15 16 17 18 19 20 21 22 23 |
---------------+----------------------------------------------------------------------+-----
Fighting       | 5 6 9 11 12 15 16 17 18 20 23 26 27 | 27.0
Polearms       | 4 6 8 10 12 15 16 17 18 20 23 26 27 | 27.0
Armour         | 6 8 11 14 17 20 21 24 27 | 27.0
Shields        | 6 8 11 14 17 20 21 24 27 | 27.0
Dodging        | 10 15 19 21 24 27 | 27.0
Invocations    | 11 17 19 24 27 | 27.0
Throwing       | 7 20 27 | 27.0
Evocations     | 21 27 | 27.0
Stealth        | 22 27 | 27.0
Spellcasting   | 20 27 | 27.0
Unarmed Combat | 21 24 | 24.5

Action                   |  1- 3 |  4- 6 |  7- 9 | 10-12 | 13-15 | 16-18 | 19-21 | 22-24 || total
-------------------------+-------+-------+-------+-------+-------+-------+-------+-------++-------
Melee: Trident           |    39 |    28 |    86 |   356 |    40 |       |       |       ||   549
       Headbutt          |     5 |     5 |    26 |    88 |   124 |   195 |   103 |    48 ||   594
       Trishula          |       |       |       |       |   535 |   731 |   450 |   234 ||  1950
Throw: Javelin           |       |       |       |       |       |     3 |    80 |    29 ||   112
Invok: Brand Weapon With |       |       |       |       |     1 |       |       |       ||     1
       Cleansing Flame   |       |       |       |       |       |     1 |     3 |     6 ||    10
  Use: Potion            |     1 |       |       |     1 |     3 |       |     2 |       ||     7
       Scroll            |       |       |       |     3 |     6 |     6 |    11 |       ||    26
  Eat: Chunk             |       |       |     1 |     6 |    10 |     8 |     2 |       ||    27
       Ration            |       |       |       |       |       |       |     3 |     4 ||     7
Armor: Scale mail        |    10 |       |       |       |       |       |       |       ||    10
       Chain mail        |     1 |     9 |    15 |    59 |    89 |    43 |       |       ||   216
       Plate armour      |       |       |       |    24 |       |       |       |       ||    24
       Gold dragon scale |       |       |       |       |       |    49 |    49 |    29 ||   127
Dodge: Dodged            |    10 |     6 |    11 |    59 |   108 |    99 |    40 |    21 ||   354
Block: Shield            |    17 |    10 |    28 |   113 |   120 |       |       |       ||   288
       Large shield      |       |       |       |       |   187 |   437 |   245 |   140 ||  1009
       Reflection        |       |       |       |       |     7 |     9 |    11 |     3 ||    30

Table legend:
 A = Non-vault XP
 B = Vault XP
 C = Vault XP percentage of total XP
 D = Non-vault monster count
 E = Vault monster count
 F = Vault count percentage of total count
                 A         B        C        D         E       F
            +---------+---------+-------+---------+---------+-------
      Total |     777 |  743243 |  99.9 |       3 |     509 |  99.4
            +---------+---------+-------+---------+---------+-------
          D |     777 |  743243 |  99.9 |       3 |     509 |  99.4
            +---------+---------+-------+---------+---------+-------
